 Dungeon Crawl Stone Soup version 0.27-a0-1434-g6f15984924 (webtiles) character file.

Game seed: 2754637450046121300

427 27snakeeyes612 the Shield-Bearer (level 6, 0/39 HPs)
             Began as a Gargoyle Fighter on July 3, 2021.
             Slain by Blork the orc (7 damage)
             ... on level 4 of the Dungeon.
             The game lasted 00:02:33 (3179 turns).

27snakeeyes612 the Shield-Bearer (Gargoyle Fighter) Turns: 3179, Time: 00:02:33

Health: 0/39       AC: 15    Str: 22    XL:     6   Next: 97%
Magic:  6/6        EV:  8    Int:  8    God:
Gold:   149        SH:  9    Dex:  9    Spells: 5/5 levels left

rFire    . . .     SeeInvis .   a - +0 flail
rCold    . . .     Faith    .   c - +0 kite shield
rNeg     + . .     Spirit   .   b - +0 scale mail
rPois    ∞         Reflect  .   (no helmet)
rElec    +         Harm     .   (no cloak)
rCorr    .         Rampage  .   (no gloves)
Will     .....                  (no boots)
Stlth    ..........             (no amulet)
HPRegen  0.13/turn              e - +4 ring of protection
MPRegen  0.10/turn              m - +4 ring of slaying

@: mighty
A: sickness immunity, AC +4, negative energy resistance 1, electricity
resistance, torment resistance 1, petrification resistance
a: no special abilities


You were on level 4 of the Dungeon.
You visited 1 branch of the dungeon, and saw 4 of its levels.

You collected 149 gold pieces.

Inventory:

Hand Weapons
 a - a +0 flail (weapon)
Armour
 b - a +0 scale mail (worn)
 c - a +0 kite shield (worn)
 s - a +0 tower shield
Jewellery
 e - a +4 ring of protection (left hand)
 f - a +6 ring of dexterity
 m - a +4 ring of slaying (right hand)
Wands
 p - a wand of iceblast (4)
 q - a wand of polymorph (6)
 r - a wand of flame (24)
Scrolls
 g - a scroll of blinking {unknown}
 i - a scroll of noise
 j - a scroll of acquirement {unknown}
Potions
 h - a potion of resistance
 k - a potion of brilliance
 l - a potion of degeneration {unknown}
 n - a potion of heal wounds {unknown}
 o - 2 potions of curing {unknown}
 t - a potion of lignification {unknown}
 u - a potion of flight {unknown}


   Skills:
 + Level 4.4 Fighting
 + Level 4.5 Maces & Flails
 + Level 4.5 Armour
 - Level 1.3 Dodging
 - Level 0.3 Stealth
 + Level 4.8 Shields


You had 5 spell levels left.
You didn't know any spells.
Your spell library contained the following spells:

 Spells                   Type           Power      Damage    Failure   Level
 Sandblast                Erth           0%         2d4       99%         1
 Passwall                 Tmut/Erth      0%         N/A       99%         2
 Slow                     Hex            0%         N/A       99%         2
 Confusing Touch          Hex            0%         N/A       100%        3
 Dazzling Flash           Conj/Hex       0%         N/A       100%        3
 Fulminant Prism          Conj/Hex       0%         3d6       100%        4
 Iskenderun's Mystic Bla  Conj/Tloc      0%         2d3       100%        4
 Lee's Rapid Deconstruct  Erth           0%         3d5*      100%        5
 Yara's Violent Unravell  Hex/Tmut       0%         3d3       100%        5
 Starburst                Conj/Fire      0%         8x6d3     100%        6


Dungeon Overview and Level Annotations

Branches:
Dungeon (4/15)
 Temple: D:4-7

Altars:
Okawaru

Annotations:
D:3 3 runed translucent doors, Xenoroth's ghost, amateur MiFi
D:4 Blork the orc


Innate Abilities, Weirdness & Mutations

You are immune to sickness and miasma.
Your stone body is resilient. (AC +4)
You are immune to poison.
You resist negative energy. (rN+)
You are resistant to electric shocks. (rElec)
You are resistant to unholy torment.
You are immune to petrification.


Message History

Blork the orc points at you and mumbles some strange words.
You block the puff of frost.
Blork the orc is nearby!
Blork the orc is nearby!
You barely miss Blork the orc.
Blork the orc is lightly wounded.
You block Blork the orc's attack. x2
You barely miss Blork the orc.
Blork the orc is lightly wounded.
Blork the orc hits you with a +0 glaive!
Blork the orc hits you with a +0 glaive.
You barely miss Blork the orc.
Blork the orc is lightly wounded.
Blork the orc points at you and mumbles some strange words.
You block the puff of frost.
Blork the orc hits you with a +0 glaive!
You hit Blork the orc but do no damage.
Blork the orc is lightly wounded.
Blork the orc completely misses you.
Blork the orc screams, "I'll crush all your ribs!
One by one!"
Blork the orc gestures at you while chanting.
The magic dart hits you!
You are too injured to fight recklessly!
You are too injured to fight recklessly!
You are too injured to fight recklessly!
You are too injured to fight recklessly!
You are too injured to fight recklessly!
You are too injured to fight recklessly!
You are too injured to fight recklessly!
You are too injured to fight recklessly!
You are too injured to fight recklessly!
You are too injured to fight recklessly!
You are too injured to fight recklessly!
You are too injured to fight recklessly!
You are too injured to fight recklessly!
You feel very mighty all of a sudden.
Blork the orc hits you with a +0 glaive.
* * * LOW HITPOINT WARNING * * *
Blork the orc hits you with a +0 glaive!
You die...

#.##.....#..##hg..#.##.
##.####.#......(...#.##. .# #..#
#.####.#..hc.#h##h ...
######..####..[.....>#....###
...##.......#......÷..##..[##.# #
?...........#.........###..####
......................###..######
..................)...##.........
......<........o@......#.........
.......................#.........
............#....................
......................##.........
...........[..........##.........
...##......####....#####.........
.. ......... ###.(. #......... .
#####..###. .....# #.........
..## ## ##. #.........


You could see Blork the orc (fast).

Vanquished Creatures
  A black bear (D:3)
  A phantom (D:4)
  A howler monkey (D:4)
  An iguana (D:4)
  Natasha (D:4)
  6 adders
  2 worms
  3 dart slugs
  2 orcs (D:3)
  9 endoplasms
  5 giant cockroaches
  11 goblins
  7 hobgoblins
  16 jackals
  6 quokkas
  9 ball pythons
  8 bats
  2 frilled lizards (D:1)
  4 kobolds
  4 rats
99 creatures vanquished.

Vanquished Creatures (others)
  6 withered plants (D:4)
6 creatures vanquished.

Grand Total: 105 creatures vanquished

Notes
Turn   | Place    | Note
-------+----------+-------------------------------------------
     0 | D:1      | 27snakeeyes612 the Gargoyle Fighter began the quest for the
                  | Orb.
     0 | D:1      | Reached XP level 1. HP: 14/14 MP: 1/1
    27 | D:1      | Reached XP level 2. HP: 7/19 MP: 2/2
   513 | D:1      | Found a faded altar of an unknown god.
   767 | D:1      | Reached XP level 3. HP: 23/23 MP: 3/3
  1230 | D:2      | Found an iron altar of Okawaru.
  1403 | D:2      | Reached XP level 4. HP: 29/29 MP: 4/4
  1435 | D:2      | Reached skill level 1 in Dodging
  1778 | D:3      | Noticed a black bear
  1785 | D:3      | Killed a black bear
  1786 | D:3      | Reached XP level 5. HP: 18/33 MP: 5/5
  2253 | D:3      | Found a runed translucent gate.
  2253 | D:3      | Found a runed translucent gate.
  2253 | D:3      | Found a runed translucent gate.
  2257 | D:3      | Noticed Xenoroth's ghost (amateur MiFi)
  2362 | D:3      | Reached XP level 6. HP: 38/38 MP: 6/6
  2793 | D:4      | Noticed Natasha
  2803 | D:4      | Killed Natasha
  3167 | D:4      | Noticed Blork the orc
  3179 | D:4      | Slain by Blork the orc

Illustrated notes

Levels and vault maps discovered:
D:1:      minmay_arrival_shattered_statue, layout_loops_ring,
          shapermc_ecumenical_altar_mp_vishouse
D:2:      layout_basic, basic_altar
D:3:      minmay_skewed_foursquare, layout_rooms, gammafunk_ghost_necromancy
D:4:      layout_rooms, gammafunk_temple_overflow_elements,
          gammafunk_ghost_cemetery, uniq_blork_the_orc, uniq_natasha

Skill      XL: |  1  2  3  4  5  6 |
---------------+-------------------+-----
Dodging        | 1 |  1.3
Maces & Flails | 3 4 |  4.5
Armour         | 4 |  4.5
Shields        | 4 |  4.8
Fighting       | 4 |  4.4
Stealth        | |  0.3

Action                   |  1- 3 |  4- 6 || total
-------------------------+-------+-------++-------
Melee: Flail             |   110 |   172 ||   282
  Use: Scroll            |       |     4 ||     4
       Potion            |       |     1 ||     1
Armor: Scale mail        |    85 |   186 ||   271
Dodge: Dodged            |    47 |   122 ||   169
Block: Kite shield       |    71 |   169 ||   240

Table legend: (Time is in decaauts)
 A = Elapsed time spent in this place.
 B = Non-inter-level travel time spent in this place.
 C = Inter-level travel time spent in this place.
 D = Time resting spent in this place.
 E = Time spent auto-exploring this place.
 F = Levels seen in this place.
 G = Mean time per level.
                   A        B        C        D        E       F      G
               +--------+--------+--------+--------+--------+-----+--------+
         Total |   3307 |   3178 |    129 |    492 |   2020 |   4 |  826.8 |
       Dungeon |   3307 |   3178 |    129 |    492 |   2020 |   4 |  826.8 |
               +--------+--------+--------+--------+--------+-----+--------+

Top non-repeatable levels by time:
     D:3: 1244 daAuts
     D:1: 1150 daAuts
     D:2: 540 daAuts
     D:4: 371 daAuts
